AoeStats
← ogipochi_

Arena

508974746Analyzed
3v3 RM · 9d ago on Sep 24, 2026· 69m 34s· 6 players
Game mode
Random Map
Map size
Normal (6 player)
Population
200
Speed
Normal
Resources
Standard
Victory
Conquest
Starting age
Dark Age
Ending age
Imperial Age
RankedLock teamsTeams togetherTeam positionsShared explorationLock speedFull tech treeHidden civsTurbo modeCheats
Victory
Defeat
🇯🇵 Saxons · Japan
769
+16
🇺🇸 Inca · United States
754
+16
🇦🇷 Persians · Argentina
709
+17
🇮🇱 Lithuanians · Israel
777
-17
🇮🇱 Britons · Israel
771
-17
🇮🇱 Magyars · Israel
723
-15
ogipochi_
11:00 Feudal Age
9:37 Loom
11:50 Double-Bit Axe
11:57 Gold Mining
11:58 Stone Mining
12:55 Wheelbarrow
12:04 Horse Collar
13:03 Wheelbarrow
17:20 Castle Age
15:36 Man-at-Arms
16:35 Forging
17:07 Scale Mail Armor
18:28 Squires
18:28 Town Watch
22:53 Gambesons
23:10 Long Swordsman
23:40 Arson
24:10 Pikeman
26:15 Bow Saw
28:12 Gold Shaft Mining
30:57 Imperial Age
29:28 Iron Casting
30:41 Thumb Ring
29:57 Elite Skirmisher
31:09 Chain Mail Armor
30:45 Fletching
31:01 Halberdier
32:51 Chemistry
32:33 Conscription
32:26 Shield Wall
33:42 Caravan
34:21 Hand Cart
33:38 Elite Varangian Guard
35:16 Plate Mail Armor
36:13 Ballistics
35:54 Murder Holes
36:10 Fortified Wall
35:47 Arrowslits
37:36 Elite Hearth Troop
39:03 Padded Archer Armor
38:58 Bodkin Arrow
43:58 Town Patrol
51:55 Onager
53:56 Siege Engineers
PFTBaller
0:27 Loom
10:49 Feudal Age
17:25 Castle Age
15:54 Champi Runner
18:47 Treadmill Crane
27:29 Pikeman
29:25 Fortified Wall
32:30 Champi Warrior
32:56 Arson
34:07 Scale Mail Armor
34:18 Forging
35:46 Masonry
36:23 Chain Mail Armor
51:35 Imperial Age
50:50 Iron Casting
50:19 Squires
52:36 Conscription
52:18 Fabric Shields
51:43 Elite Kamayuk
51:56 Capped Ram
53:58 Siege Ram
57:25 Town Watch
58:18 Wheelbarrow
59:42 Chemistry
59:03 Ballistics
58:50 Siege Engineers
66:24 Spies/Treason
gonzalezf.juancho
2:29 Loom
12:46 Feudal Age
18:38 Castle Age
16:51 Double-Bit Axe
17:30 Gold Mining
17:24 Horse Collar
19:28 Stone Mining
20:57 Bow Saw
25:46 Husbandry
27:33 Crossbowman
28:45 Kamandaran
29:55 Wheelbarrow
29:10 Town Watch
31:51 Bloodlines
31:47 Padded Archer Armor
31:38 Fletching
31:59 Forging
31:55 Scale Barding Armor
34:19 Hand Cart
34:05 Town Patrol
34:18 Bodkin Arrow
34:59 Iron Casting
34:57 Ballistics
38:20 Imperial Age
36:14 Chain Barding Armor
36:09 Scale Mail Armor
36:41 Thumb Ring
38:03 Cavalier
39:21 Plate Barding Armor
39:52 Chemistry
38:43 Heated Shot
39:06 Citadels
39:17 Conscription
39:43 Masonry
39:29 Murder Holes
39:53 Chain Mail Armor
40:39 Blast Furnace
39:58 Leather Archer Armor
40:39 Savar
41:58 Hoardings
41:58 Heavy Plow
43:01 Two-Man Saw
42:40 Stone Shaft Mining
42:43 Gold Shaft Mining
46:29 Architecture
46:12 Fervor
45:26 Light Cavalry
45:28 Elite Skirmisher
45:35 Man-at-Arms
50:05 Pikeman
50:05 Long Swordsman
50:31 Gambesons
50:47 Squires
50:32 Arson
51:22 Ring Archer Armor
51:43 Plate Mail Armor
51:20 Devotion
50:49 Elite War Elephant
50:56 Capped Ram
50:58 Onager
50:59 Heavy Scorpion
51:05 Heavy Cavalry Archer
52:15 Parthian Tactics
51:40 Hussar
54:52 Spies/Treason
poopinator
10:09 Feudal Age
10:49 Double-Bit Axe
13:00 Horse Collar
16:11 Wheelbarrow
17:11 Fletching
20:55 Castle Age
20:05 Fletching
20:09 Gold Mining
20:10 Stone Mining
21:21 Padded Archer Armor
22:27 Hand Cart
23:08 Bodkin Arrow
23:29 Leather Archer Armor
28:06 Bow Saw
27:59 Heavy Plow
28:20 Forging
28:16 Scale Barding Armor
33:45 Imperial Age
31:43 Yeomen
32:30 Caravan
34:02 Gold Shaft Mining
36:13 Conscription
36:26 Ballistics
39:22 Elite Longbowman
42:05 Onager
47:02 Fortified Wall
47:10 Masonry
< blank >
10:53 Feudal Age
12:09 Wheelbarrow
11:20 Double-Bit Axe
11:16 Horse Collar
20:52 Castle Age
25:19 Corvinian Army
26:00 Bow Saw
26:00 Heavy Plow
25:53 Stone Mining
25:54 Gold Mining
27:33 Scale Barding Armor
31:34 Hand Cart
32:08 Gold Shaft Mining
32:11 Husbandry
32:23 Bloodlines
42:17 Imperial Age
53:47 Imperial Age
54:02 Onager
Hello
11:41 Feudal Age
12:23 Horse Collar
12:31 Double-Bit Axe
20:21 Castle Age
20:39 Wheelbarrow
20:17 Scale Barding Armor
21:15 Husbandry
22:21 Heavy Plow
22:37 Bow Saw
27:38 Bloodlines
28:28 Hand Cart
28:28 Gold Mining
30:59 Chain Barding Armor
30:49 Forging
30:36 Stone Mining
36:16 Imperial Age
35:01 Stone Shaft Mining
34:27 Town Watch
36:58 Iron Casting
38:42 Elite Leitis
40:46 Plate Barding Armor
Connection lost

Rejoining the realm…

Still unreachable

The connection could not be restored.

Session expired

The server has moved on; the page needs a fresh start.